[Event "*** SCC Grand Prix: Titled Tuesday Blitz"]
[Site "Chess.com"]
[Date "2020.06.23"]
[Round "1"]
[White "Shield12"]
[Black "sasko1234"]
[Result "1-0"]
[WhiteElo "2832"]
[BlackElo "2423"]
[TimeControl "180+1"]
[EndTime "10:04:56 PDT"]
[Termination "Shield12 won by resignation"]

1. e4 d6 2. d4 Nf6 3. Nc3 c6 4.
a4 Qa5 5. Bd3 e5 6. Ne2 Be7 7. O-O O-O 8. h3 h6 9. Be3 Nbd7 10.
Qd2 Qc7 11. Ng3 exd4 12. Bxd4 Ne5 13. Be2 Ng6 14. Rfe1 Nd7 15. Nf5 Nf6 16. Nxe7+ Qxe7 17. Bf1 Rd8 18. Rad1 Be6 19. f4 Bc8 20. Bxf6 gxf6 21. f5 Ne5 22. Qxh6 Qf8 23. Qxf6 1-0

[Event "*** SCC Grand Prix: Titled Tuesday Blitz"]
[Site "Chess.com"]
[Date "2020.06.23"]
[Round "1"]
[White "Lenyas66"]
[Black "dodorox"]
[Result "1-0"]
[WhiteElo "2502"]
[BlackElo "2032"]
[TimeControl "180+1"]
[EndTime "10:04:56 PDT"]
[Termination "Lenyas66 won by resignation"]

1. e4 e6 2. d4 d5 3. Nd2 Nc6 4. Ngf3 Nf6 5. e5 Nd7 6. Bb5 f6 7. c4 Bb4 8. cxd5 exd5 9. Qb3 Bxd2+ 10. Bxd2 Nb6 11. O-O O-O 12. Rfe1 fxe5 13. Bxc6 bxc6 14. Nxe5 Bd7 15. Rac1 Qf6 16. Qg3 Be8 17. Bb4 Bd7 18. Bxf8 Rxf8 19. Rc3 Qe7 20. Rce3 1-0

[Event "*** SCC Grand Prix: Titled Tuesday Blitz"]
[Site "Chess.com"]
[Date "2020.06.23"]
[Round "1"]
[White "leoduarte"]
[Black "Hasangatin_Ramil"]
[Result "0-1"]
[WhiteElo "2267"]
[BlackElo "2605"]
[TimeControl "180+1"]
[EndTime "10:04:57 PDT"]
[Termination "Hasangatin_Ramil won by resignation"]

1. e4 c5 2. Nf3 Nf6 3. Nc3 Nc6 4. d4 cxd4 5. Nxd4 e6 6. Ndb5 Bc5 7. Nd6+ Ke7 8.
Nxc8+ Rxc8 9. Be2 Bb4 10. Qd3 d5 11. exd5 Qxd5 12. Qg3 Ne4 13. Qh4+ g5 14. Bxg5+ Nxg5 15. Qxb4+ Nxb4 16. Nxd5+ exd5 17. O-O Rxc2 18. Rfe1 Rxb2 19.
a3 Nc2 20. Bd3+ Nxe1 21. Rxe1+ Ne6 22. f4 Kd6 23. f5 Nc5 0-1

[Event "*** SCC Grand Prix: Titled Tuesday Blitz"]
[Site "Chess.com"]
[Date "2020.06.23"]
[Round "1"]
[White "LiemLe"]
[Black "boo786"]
[Result "1-0"]
[WhiteElo "3003"]
[BlackElo "2463"]
[TimeControl "180+1"]
[EndTime "10:05:02 PDT"]
[Termination "LiemLe won by resignation"]

1. d4 Nf6 2. Nf3 d6 3. c4 g6 4. Nc3 Bf5 5. d5 Bg7 6. Nd4 Bd7 7. e4 c5 8. Nc2 O-O 9. a4 e5 10. Be2 Na6 11. O-O Nb4 12. a5 Nxc2 13. Qxc2 Ne8 14. Be3 f5 15. exf5 gxf5 16. f4 e4 17. Kh1 Bd4 18.
Qd2 Qf6 19. g4 Bxe3 20. Qxe3 Ng7 21. Rg1 Kh8 22. g5 Qf7 23. Rg3 Be8 24. Rag1 Qe7 25. Rh3 a6 26. g6 Rf6 27. Rxh7+ Kg8 28. Qh3 Rxg6 29. Rxg6 Bxg6 30. Rh8+ Kf7 31. Rxa8 1-0

[Event "*** SCC Grand Prix: Titled Tuesday Blitz"]
[Site "Chess.com"]
[Date "2020.06.23"]
[Round "1"]
[White "JiiHart"]
[Black "Skatchkov_V"]
[Result "0-1"]
[WhiteElo "2180"]
[BlackElo "2543"]
[TimeControl "180+1"]
[EndTime "10:05:04 PDT"]
[Termination "Skatchkov_V won by resignation"]

1. e4 e5 2. Nf3 Nf6 3. d4 Nxe4 4.
Nxe5 d6 5. Nf3 d5 6. Bd3 Bd6 7. c4 c6 8. Nc3 O-O 9. O-O Nxc3 10. bxc3 dxc4 11. Bxc4 Bg4 12. Rb1 Qc7 13. h3 Bh5 14. Re1 Nd7 15. Be2 Bg6 16. Bd3 b5 17. Be3 a6 18. Qc2 c5 19. Rbc1 Rac8 20. a4 Rfe8 21.
Bxg6 hxg6 22. axb5 axb5 23. dxc5 Nxc5 24. Bxc5 Bxc5 25.
Rxe8+ Rxe8 26. Nd4 Bxd4 0-1

[Event "*** SCC Grand Prix: Titled Tuesday Blitz"]
[Site "Chess.com"]
[Date "2020.06.23"]
[Round "1"]
[White "luizwas"]
[Black "Moon_stone123"]
[Result "0-1"]
[WhiteElo "1804"]
[BlackElo "2470"]
[TimeControl "180+1"]
[EndTime "10:05:04 PDT"]
[Termination "Moon_stone123 won by resignation"]

1. e4 c5 2. Nf3 d6 3. d4 cxd4 4.
Nxd4 Nf6 5. Nc3 g6 6. f3 Bg7 7. Be3 Nc6 8. Qd2 O-O 9. O-O-O Nxd4 10. Bxd4 Be6 11. h4 Qa5 12. a3 Rab8 13. h5 Rfc8 14.
hxg6 hxg6 15. Be3 b5 16. Bxb5 Rxb5 17. Nxb5 Qxb5 18. Bh6 Nxe4 19. Qb4 Qxb4 20. axb4 Nf2 21. Bxg7 Kxg7 22. c3 Nxh1 23. Rxh1 Rh8 24. Re1 Rh2 25.
g4 Rf2 26. Re3 Bd5 27. Rxe7 Bxf3 28. Rxa7 Bxg4 29. b5 Bf3 30. b6 Rh2 31. b7 Rh8 32.
Ra6 Bxb7 33. Rxd6 g5 34. b4 g4 35. c4 g3 36. Rd3 g2 37. Rg3+ Kf8 38. c5 Rg8 39.
Rxg2 Rxg2 40. b5 Rg5 41. c6 Bxc6 42. bxc6 Rc5+ 0-1

[Event "*** SCC Grand Prix: Titled Tuesday Blitz"]
[Site "Chess.com"]
[Date "2020.06.23"]
[Round "1"]
[White "elohunter1999"]
[Black "Rskaak"]
[Result "1-0"]
[WhiteElo "2469"]
[BlackElo "1693"]
[TimeControl "180+1"]
[EndTime "10:05:05 PDT"]
[Termination "elohunter1999 won by resignation"]

1. e4 e6 2. d4 d5 3. Nc3 Nf6 4. e5 Nfd7 5. f4 c5 6. Nf3 Nc6 7. Be3 Qb6 8. Na4 Qa5+ 9. c3 cxd4 10. b4 Qc7 11. Nxd4 Nb6 12. Nb5 Qd8 13. Nxb6 axb6 14. Bd3 Bd7 15. O-O Be7 16. Qe2 Na7 17. Nd4 O-O 18. Rf3 f5 19. Kh1 Be8 20. Rh3 Qd7 21. g4 Bg6 22. gxf5 Bxf5 23. Nxf5 exf5 24. Qh5 h6 25. Rg1 Qe6 26. Rg6 Qf7 27. Qxh6 1-0

[Event "*** SCC Grand Prix: Titled Tuesday Blitz"]
[Site "Chess.com"]
[Date "2020.06.23"]
[Round "1"]
[White "GMBenjaminBok"]
[Black "vova-79"]
[Result "1-0"]
[WhiteElo "2841"]
[BlackElo "2429"]
[TimeControl "180+1"]
[EndTime "10:05:09 PDT"]
[Termination "GMBenjaminBok won by resignation"]

1. d4 d5 2. c4 c6 3. Nf3 Nf6 4. Nc3 e6 5. e3 Nbd7 6. Qc2 Bd6 7.
b3 O-O 8. Be2 b6 9. O-O Bb7 10.
Bb2 Qe7 11. Rad1 Rad8 12. Rfe1 Rfe8 13. Bf1 h6 14. e4 dxe4 15. Nxe4 Bb4 16. Re3 Nxe4 17.
Qxe4 Nf6 18. Qh4 Nh7 19. Qh3 Bd6 20. Bd3 Bf4 21. Ree1 c5 22. d5 Ng5 23. Qg4 Nxf3+ 24. Qxf3 Qg5 25. h4 Qxh4 26. g3 Qg5 27. Qxf4 Qxf4 28.
gxf4 exd5 29. Rxe8+ Rxe8 30. cxd5 Bxd5 31. Bb5 Rd8 32. Bc4 1-0

[Event "*** SCC Grand Prix: Titled Tuesday Blitz"]
[Site "Chess.com"]
[Date "2020.06.23"]
[Round "1"]
[White "Matibar"]
[Black "Kumi29"]
[Result "1-0"]
[WhiteElo "2821"]
[BlackElo "2416"]
[TimeControl "180+1"]
[EndTime "10:05:09 PDT"]
[Termination "Matibar won by resignation"]

1. e4 e5 2. Nf3 Nc6 3. Bb5 a6 4. Ba4 f5 5. d3 fxe4 6. dxe4 Nf6 7. Nc3 Bc5 8. Qd3 d6 9. Bxc6+ bxc6 10.
Be3 Bxe3 11. Qxe3 O-O 12. O-O-O Rb8 13. Nxe5 Qe8 14. Nd3 Be6 15. h3 Qf7 16. b3 Qe7 17. Rhe1 d5 18. Qc5 Qf7 19. Ne5 Qh5 20. Nxc6 Rb6 21.
Ne7+ Kh8 22. Ng6+ hxg6 23. Qxf8+ Kh7 24. exd5 Bxd5 25. Nxd5 Nxd5 26. Re8 Qg5+ 27. Rd2 1-0

[Event "*** SCC Grand Prix: Titled Tuesday Blitz"]
[Site "Chess.com"]
[Date "2020.06.23"]
[Round "1"]
[White "Vaathi_Coming"]
[Black "ZEN-22"]
[Result "1-0"]
[WhiteElo "2850"]
[BlackElo "2439"]
[TimeControl "180+1"]
[EndTime "10:05:10 PDT"]
[Termination "Vaathi_Coming won by resignation"]

1. g3 h5 2. Nf3 e6 3. Bg2 h4 4. Nxh4 Rxh4 5. gxh4 Qxh4 6. d4 c5 7. d5 Nf6 8. Nc3 a6 9. Qd3 e5 10. Qg3 Qh5 11. Bf3 Qf5 12. e4 Qh7 13. Qxe5+ Kd8 14. Bg5 Qg6 15. Rg1 d6 16. Bxf6+ gxf6 17. Rxg6 fxe5 18. Rg8 Ke7 19. Bg4 Bxg4 20. Rxg4 Nd7 21. f3 Bh6 22. Ne2 Rh8 23. Ng3 Nf6 24. Nf5+ Kd7 25. Rh4 Bg7 26. Rxh8 Bxh8 27. Kf2 Nh5 28. Rg1 Bf6 29. Rg8 Bh4+ 30. Nxh4 1-0

[Event "*** SCC Grand Prix: Titled Tuesday Blitz"]
[Site "Chess.com"]
[Date "2020.06.23"]
[Round "1"]
[White "chenxiaoyuer"]
[Black "Zkid"]
[Result "0-1"]
[WhiteElo "2366"]
[BlackElo "2706"]
[TimeControl "180+1"]
[EndTime "10:05:10 PDT"]
[Termination "Zkid won by resignation"]

1. e4 e6 2. d4 d5 3. Nd2 c5 4. Ngf3 cxd4 5. Nxd4 Nc6 6. Bb5 Bd7 7. Nxc6 bxc6 8. Bd3 Qc7 9. Qe2 Ne7 10. Nf3 Ng6 11. O-O Be7 12. e5 c5 13. b3 a5 14.
Bb2 a4 15. g3 O-O 16. h4 a3 17. Bc3 c4 18. bxc4 dxc4 19. Be4 Bc6 20. h5 Nh8 21. Qxc4 Rfc8 22. Ng5 Bxg5 23. f4 Bxe4 24. Qxe4 Qxc3 25. fxg5 Qxg3+ 26. Qg2 Qxe5 27. g6 hxg6 28. hxg6 Nxg6 29. Rf3 Qxa1+ 30. Rf1 Qd4+ 31. Qf2 Qxf2+ 32. Kxf2 Rxc2+ 33. Ke3 Rac8 34. Kd4 R8c4+ 0-1

[Event "*** SCC Grand Prix: Titled Tuesday Blitz"]
[Site "Chess.com"]
[Date "2020.06.23"]
[Round "1"]
[White "Grieve72"]
[Black "aNaartjieZA"]
[Result "0-1"]
[WhiteElo "2244"]
[BlackElo "2572"]
[TimeControl "180+1"]
[EndTime "10:05:10 PDT"]
[Termination "aNaartjieZA won by resignation"]

1. e4 e6 2. d4 d5 3. Nd2 Nf6 4. e5 Nfd7 5. Bd3 c5 6. c3 Nc6 7. Ne2 cxd4 8. cxd4 f6 9. exf6 Nxf6 10. Nf3 Bd6 11. O-O O-O 12. Bf4 Bxf4 13. Nxf4 Ne4 14. Ne2 Rxf3 15. gxf3 Ng5 16. Kh1 e5 17. Qb3 Kh8 18.
f4 Nf3 19. Bxh7 e4 20. Ng1 Ncxd4 21. Qa3 Qh4 22. h3 Bxh3 0-1

[Event "*** SCC Grand Prix: Titled Tuesday Blitz"]
[Site "Chess.com"]
[Date "2020.06.23"]
[Round "1"]
[White "winniethepooh04"]
[Black "nikitakhoroshev"]
[Result "0-1"]
[WhiteElo "1199"]
[BlackElo "2469"]
[TimeControl "180+1"]
[EndTime "10:05:10 PDT"]
[Termination "nikitakhoroshev won by resignation"]

1. e4 e6 2. d4 d5 3. Nd2 a6 4. c3 c5 5. exd5 Qxd5 6. Ngf3 cxd4 7. Bc4 Qd8 8. O-O Nc6 9. a4 Nf6 10. Re1 dxc3 11. bxc3 Bc5 12. Nb3 Qxd1 13. Rxd1 Be7 14. Nbd4 Bd7 15. Nxc6 Bxc6 16. Nd4 Bd5 17. Bxd5 Nxd5 18.
c4 Nc3 19. Rd3 Bf6 20. Be3 Bxd4 21. Bxd4 Ne2+ 22. Kf1 Nxd4 23. Rxd4 Ke7 24. Rb1 Rab8 25. c5 Rhc8 26. Rd6 Rxc5 27. Rxa6 bxa6 28. Rxb8 Rc4 29. Rb7+ Kf6 30. a5 Rc5 31. f4 h5 32. h3 Rxa5 33. g4 hxg4 34. hxg4 Ra4 35. g5+ Kg6 0-1

[Event "*** SCC Grand Prix: Titled Tuesday Blitz"]
[Site "Chess.com"]
[Date "2020.06.23"]
[Round "1"]
[White "hermionegrangermagic"]
[Black "BulletMercenary"]
[Result "1-0"]
[WhiteElo "2521"]
[BlackElo "2138"]
[TimeControl "180+1"]
[EndTime "10:05:11 PDT"]
[Termination "hermionegrangermagic won by resignation"]

1. e4 d6 2. d4 g6 3. Nc3 Bg7 4.
h4 h5 5. Nh3 c6 6. Bc4 b5 7.
Bb3 Nf6 8. Ng5 O-O 9. Qf3 b4 10.
Ne2 Bg4 11. Qd3 Bxe2 12. Qxe2 e5 13. Be3 Nh7 14. Rd1 exd4 15. Bxd4 Nxg5 16. hxg5 Qxg5 17.
O-O Bxd4 18. Rxd4 Qe5 19. Qe3 Nd7 20. f4 Qe7 21. f5 Ne5 22. f6 Ng4 23. fxe7 Nxe3 24.
exf8=Q+ Rxf8 1-0

[Event "*** SCC Grand Prix: Titled Tuesday Blitz"]
[Site "Chess.com"]
[Date "2020.06.23"]
[Round "1"]
[White "Iljushin_Alexey"]
[Black "SharapovEvgeny"]
[Result "1-0"]
[WhiteElo "2711"]
[BlackElo "2368"]
[TimeControl "180+1"]
[EndTime "10:05:12 PDT"]
[Termination "Iljushin_Alexey won by resignation"]

1. d4 d5 2. c4 c6 3. Nf3 Nf6 4.
Nc3 g6 5. cxd5 cxd5 6. Bf4 Nc6 7. e3 Bg4 8. Be2 Bg7 9. O-O O-O 10. Ne5 Bxe2 11.
Qxe2 Nxe5 12. Bxe5 Ne4 13. Nxe4 Bxe5 14. Nc5 Bd6 15.
Nd3 Qb6 16. Rfc1 Rfc8 17. g3 e6 18. h4 h5 19. Rc2 Rc4 20. b3 Rc6 21. Rxc6 bxc6 22.
Rc1 a5 23. Qc2 Ra6 24. Nc5 Bxc5 25. Qxc5 Qxc5 26. Rxc5 Kf8 27. Kf1 Ke7 28. Ke2 Kd6 29. Kd3 Kc7 30. Kc2 Kb6 31. Kb2 Ra8 32. Ka3 f6 33.
Ka4 e5 34. a3 exd4 35. exd4 Re8 36. Rc2 Re4 37. Rd2 c5 38. f3 Rxd4+ 39. Rxd4 cxd4 40.
b4 d3 41. bxa5+ Ka6 42. Kb3 d4 43. Kb2 Kxa5 44. Kc1 Ka4 45. Kd2 Kxa3 46. Kxd3 Kb4 47. Kxd4 Kb3 48. Kd5 Kc3 49. Ke6 Kd3 50. Kxf6 Ke3 51.
Kxg6 Kxf3 52. Kxh5 1-0

[Event "*** SCC Grand Prix: Titled Tuesday Blitz"]
[Site "Chess.com"]
[Date "2020.06.23"]
[Round "1"]
[White "Steven_Rojas"]
[Black "LuckIsMySkill"]
[Result "0-1"]
[WhiteElo "2371"]
[BlackElo "2712"]
[TimeControl "180+1"]
[EndTime "10:05:13 PDT"]
[Termination "LuckIsMySkill won on time"]

1. e4 c6 2. d4 d5 3. exd5 cxd5 4. c4 Nf6 5. Nc3 g6 6. cxd5 Nxd5 7. Bc4 Nb6 8. Bb5+ Bd7 9. Bxd7+ N8xd7 10. Nf3 Bg7 11. O-O O-O 12. Bf4 Rc8 13. Qb3 Nf6 14.
Rfd1 Nfd5 15. Be5 Nxc3 16. bxc3 Qd5 17. Rac1 Bh6 18. Rc2 Rc6 0-1

[Event "*** SCC Grand Prix: Titled Tuesday Blitz"]
[Site "Chess.com"]
[Date "2020.06.23"]
[Round "1"]
[White "Grischuk"]
[Black "Superfelix"]
[Result "1-0"]
[WhiteElo "3106"]
[BlackElo "2467"]
[TimeControl "180+1"]
[EndTime "10:05:14 PDT"]
[Termination "Grischuk won by resignation"]

1. e4 c6 2. d4 g6 3. Nf3 d5 4. e5 h5 5. h3 Nh6 6. c3 Bf5 7. Be2 Bg7 8. O-O Nd7 9. Bf4 Nf8 10.
a4 Bxb1 11. Qxb1 Ne6 12. Bd2 a5 13. Bd3 Qd7 14. Re1 Rg8 15. Qc1 Rh8 16. Qc2 Bf8 17.
b4 Ng7 18. bxa5 Nhf5 19. Rab1 Rxa5 20. c4 Ra7 21. cxd5 Qxd5 22. Be4 Qd7 23. Rxb7 Rxb7 24. Bxc6 1-0

[Event "*** SCC Grand Prix: Titled Tuesday Blitz"]
[Site "Chess.com"]
[Date "2020.06.23"]
[Round "1"]
[White "IMHansNiemann"]
[Black "Diego_FloresQ"]
[Result "1-0"]
[WhiteElo "2977"]
[BlackElo "2459"]
[TimeControl "180+1"]
[EndTime "10:05:14 PDT"]
[Termination "IMHansNiemann won by resignation"]

1. d4 Nf6 2. c4 c5 3. d5 e6 4. Nc3 exd5 5. cxd5 d6 6. Nf3 g6 7. Bf4 a6 8. a4 Bg7 9. h3 O-O 10. e3 Ne8 11. Be2 Nd7 12. O-O Qe7 13. Nd2 Ne5 14. Bg3 f5 15. Qc2 Rb8 16. Rae1 Nf6 17. a5 b5 18.
axb6 Rxb6 19. Bxe5 dxe5 20. Nc4 Rb4 21. Rd1 Kh8 22. Na5 Bd7 23. Ra1 Bb5 24. Nxb5 axb5 25.
Nc6 Qd6 26. Nxb4 cxb4 27. Qc6 Nxd5 28. Qxd6 1-0

[Event "*** SCC Grand Prix: Titled Tuesday Blitz"]
[Site "Chess.com"]
[Date "2020.06.23"]
[Round "1"]
[White "dpopadic"]
[Black "Shubinkirill2003"]
[Result "0-1"]
[WhiteElo "2312"]
[BlackElo "2634"]
[TimeControl "180+1"]
[EndTime "10:05:16 PDT"]
[Termination "Shubinkirill2003 won by resignation"]

1. e4 e6 2. d4 d5 3. e5 c5 4. Qg4 Qa5+ 5. Bd2 Qb6 6. b3 cxd4 7. Nf3 Nc6 8. Bd3 Nge7 9. O-O Bd7 10. a4 a5 11. Na3 Ng6 12. Rfe1 Nce7 13. Nb5 Bxb5 14. Bxb5+ Nc6 15. Nxd4 h5 16. Qe2 Qxd4 17. Rad1 Qb6 18. c4 dxc4 19. bxc4 Bc5 20. Bc3 O-O 21. Rf1 Rad8 22.
Qxh5 Rxd1 23. Qxd1 Rd8 24. Qe2 Nd4 25. Qh5 Nf4 0-1

[Event "*** SCC Grand Prix: Titled Tuesday Blitz"]
[Site "Chess.com"]
[Date "2020.06.23"]
[Round "1"]
[White "AlphaZ3r0"]
[Black "bait_or_mate"]
[Result "0-1"]
[WhiteElo "2299"]
[BlackElo "2613"]
[TimeControl "180+1"]
[EndTime "10:05:16 PDT"]
[Termination "bait_or_mate won by resignation"]

1. c4 e5 2. Nc3 Nc6 3. g3 g6 4.
Bg2 Bg7 5. Nf3 Nge7 6. O-O d6 7. Rb1 O-O 8. b4 Be6 9. d3 h6 10. b5 Nb8 11. Nd2 c6 12. Ba3 Qc7 13. Qa4 Nd7 14. bxc6 bxc6 15. Nde4 Nc8 16. Qa6 f5 17. Rb7 Qd8 18.
Nxd6 e4 19. Nxc8 Qxc8 20. Bxf8 Bxf8 21. Na4 Nb8 0-1

[Event "*** SCC Grand Prix: Titled Tuesday Blitz"]
[Site "Chess.com"]
[Date "2020.06.23"]
[Round "1"]
[White "ljuks68"]
[Black "A-Fier"]
[Result "0-1"]
[WhiteElo "2389"]
[BlackElo "2751"]
[TimeControl "180+1"]
[EndTime "10:05:17 PDT"]
[Termination "A-Fier won by resignation"]

1. e4 c5 2. Nf3 e6 3. d4 cxd4 4. Nxd4 Nc6 5. Nc3 Qc7 6. Be3 a6 7. Qd2 Nf6 8. f3 Be7 9. O-O-O O-O 10. g4 b5 11. g5 Nh5 12. Nce2 Rd8 13. Ng3 Nxd4 14.
Qxd4 Nf4 15. h4 d5 16. Ne2 Nxe2+ 17. Bxe2 dxe4 18. Qb6 Qxb6 19. Bxb6 Rxd1+ 20. Rxd1 Rb8 21. Ba5 Bb7 22. fxe4 Bxe4 23. Rd7 Bc5 24. Bd2 Rc8 25.
c3 Bc6 26. Rd3 Bd5 27. b3 f5 28. gxf6 gxf6 29. Bh6 Bf2 30. Rf3 Bxf3 0-1

[Event "*** SCC Grand Prix: Titled Tuesday Blitz"]
[Site "Chess.com"]
[Date "2020.06.23"]
[Round "1"]
[White "Aleksandar-Topalov"]
[Black "CarlosAlbornoz"]
[Result "0-1"]
[WhiteElo "2369"]
[BlackElo "2711"]
[TimeControl "180+1"]
[EndTime "10:05:17 PDT"]
[Termination "CarlosAlbornoz won by resignation"]

1. b3 Nf6 2. Bb2 g6 3. Bxf6 exf6 4. c4 Bg7 5. Nc3 O-O 6. e3 f5 7.
Nge2 h5 8. h4 d6 9. g3 Nd7 10.
Bg2 Ne5 11. d4 Ng4 12. O-O c6 13. Rb1 Qe7 14. b4 Be6 15. Qd3 Rac8 16. c5 d5 17. b5 Bh6 18. Nf4 Bd7 19. Rfe1 Rfe8 20. bxc6 bxc6 21. Qd2 Rc7 22. Bf3 Nf6 23. Rb2 Ne4 24.
Nxe4 fxe4 25. Bg2 Bg4 26. Reb1 Bxf4 27. exf4 e3 28. Qxe3 Qxe3 29. fxe3 Rxe3 30. Rb3 Rce7 31. R1b2 Re1+ 32. Kh2 Rd1 33. Rb4 Kg7 34. a4 a5 35.
Rb6 Re6 36. Ra6 Rxd4 37. Rxa5 Rc4 38. Ra7 Rxc5 39. Rbb7 Rf6 40. Rc7 Rc2 41. Kg1 d4 42. Rd7 Bxd7 43. Rxd7 Re6 44. Rxd4 Re1+ 0-1

[Event "*** SCC Grand Prix: Titled Tuesday Blitz"]
[Site "Chess.com"]
[Date "2020.06.23"]
[Round "1"]
[White "antoszu"]
[Black "DoHoChess"]
[Result "1-0"]
[WhiteElo "2551"]
[BlackElo "2198"]
[TimeControl "180+1"]
[EndTime "10:05:17 PDT"]
[Termination "antoszu won by resignation"]

1. d4 d5 2. c4 e6 3. Nc3 a6 4. cxd5 exd5 5. Nf3 Nf6 6. Bg5 Be6 7. Bxf6 Qxf6 8. Qb3 b5 9. a4 b4 10. Nxd5 Qd8 11. e4 c6 12. Qe3 cxd5 13. exd5 Qxd5 14.
Rc1 Be7 15. Bd3 f5 16. Bc4 Qxc4 17. Rxc4 Bxc4 18. Ne5 Bd5 19. Nd3 Nd7 20. O-O Kf7 21. Nf4 Bc4 22. Rc1 Rac8 23. Rxc4 Rxc4 24. Qe6+ Ke8 25.
Qxc4 Nf8 26. Qc8+ Bd8 27. Qxf5 Nd7 28. Qe6+ Be7 29. Nd5 1-0

[Event "*** SCC Grand Prix: Titled Tuesday Blitz"]
[Site "Chess.com"]
[Date "2020.06.23"]
[Round "1"]
[White "shineatchess"]
[Black "PlayChessSimple"]
[Result "0-1"]
[WhiteElo "2121"]
[BlackElo "2516"]
[TimeControl "180+1"]
[EndTime "10:05:17 PDT"]
[Termination "PlayChessSimple won by resignation"]

1. d4 e6 2. c4 f5 3. Nf3 Nf6 4. g3 g6 5. Bg2 Bg7 6. O-O O-O 7. Nc3 d6 8. Qc2 Nc6 9. a3 e5 10. dxe5 dxe5 11. e4 Nd4 12. Qd1 Nxe4 13. Nxe4 fxe4 14.
Nxd4 exd4 15. Bxe4 Bh3 16. Bg2 Bxg2 17. Kxg2 d3 18.
c5 Qd5+ 19. Kg1 Rad8 20. Qd2 Rfe8 21. Rb1 Re2 22. Qd1 Bd4 23. b4 Qf3 24. Qb3+ Rd5 25.
Rb2 Bxf2+ 0-1

[Event "*** SCC Grand Prix: Titled Tuesday Blitz"]
[Site "Chess.com"]
[Date "2020.06.23"]
[Round "1"]
[White "vanyakuba"]
[Black "Beca95"]
[Result "0-1"]
[WhiteElo "2444"]
[BlackElo "2881"]
[TimeControl "180+1"]
[EndTime "10:05:20 PDT"]
[Termination "Beca95 won by checkmate"]

1. e4 c5 2. c3 Nf6 3. e5 Nd5 4. g3 Nc6 5. Bg2 e6 6. Nf3 d6 7.
exd6 Bxd6 8. d4 O-O 9. O-O Nf6 10.
Na3 a6 11. Nc4 Be7 12. dxc5 Bxc5 13. Be3 Bxe3 14. Nxe3 Qc7 15. c4 b6 16. a3 Bb7 17.
Qc2 Rac8 18. Rac1 Na5 19. b4 Be4 20. Qa2 Nc6 21. c5 b5 22. Rfd1 Rfd8 23. Qa1 a5 24. Qb2 h6 25. h3 Qb7 26. Nh4 Bxg2 27. Nhxg2 Ne4 28. Nf4 Ng5 29. Qe2 Ne5 30. Kf1 Qh1# 0-1

[Event "*** SCC Grand Prix: Titled Tuesday Blitz"]
[Site "Chess.com"]
[Date "2020.06.23"]
[Round "1"]
[White "crazy_but_lazy"]
[Black "Munkhzul_Turmunkh"]
[Result "1/2-1/2"]
[WhiteElo "2316"]
[BlackElo "2618"]
[TimeControl "180+1"]
[EndTime "10:05:22 PDT"]
[Termination "Game drawn by repetition"]

1. d4 Nf6 2. c4 e6 3. Nf3 d5 4. g3 Be7 5. Bg2 O-O 6. O-O dxc4 7. Ne5 Nc6 8. Bxc6 bxc6 9. Nxc6 Qe8 10. Nxe7+ Qxe7 11. Qc2 e5 12. Rd1 exd4 13. Rxd4 Bg4 14. Bg5 Qxe2 15. Qxe2 Bxe2 16. Bxf6 gxf6 17. Na3 Rad8 18.
Re4 Rfe8 19. Rxe8+ Rxe8 20. Re1 Kf8 21. f4 Bd3 22.
Rxe8+ Kxe8 23. Kf2 Ke7 24. Ke3 c5 25. Nb5 a5 26. Nc7 Kd7 27. Nd5 Ke6 28. Nc7+ Kd6 29.
Ne8+ Ke7 30. Nc7 Kd7 31. Nd5 Ke6 32. Nc7+ Kd6 33. Ne8+ Ke7 34. Nc7 1/2-1/2

[Event "*** SCC Grand Prix: Titled Tuesday Blitz"]
[Site "Chess.com"]
[Date "2020.06.23"]
[Round "1"]
[White "r31415"]
[Black "David_Paravyan"]
[Result "0-1"]
[WhiteElo "2456"]
[BlackElo "2925"]
[TimeControl "180+1"]
[EndTime "10:05:23 PDT"]
[Termination "David_Paravyan won by resignation"]

1. e4 c5 2. Nf3 Nc6 3. d4 cxd4 4. Nxd4 g6 5. Nc3 Bg7 6. Be3 Nf6 7. h3 O-O 8. Nde2 b5 9. a3 Bb7 10. g4 Ne5 11. Bg2 Nc4 12. Bc1 Qa5 13. O-O b4 14. Qd4 Rfc8 15. b3 Nxe4 16. Qxd7 Nxc3 17. Bxb7 Nxe2+ 18. Kg2 Nb6 19. Qxe7 Re8 20. Qxb4 Qxb4 21. axb4 Bxa1 22. Bxa8 Nxa8 23. Be3 Bd4 0-1

[Event "*** SCC Grand Prix: Titled Tuesday Blitz"]
[Site "Chess.com"]
[Date "2020.06.23"]
[Round "1"]
[White "Harsha_Bharathakoti"]
[Black "alenee"]
[Result "1-0"]
[WhiteElo "2805"]
[BlackElo "2408"]
[TimeControl "180+1"]
[EndTime "10:05:26 PDT"]
[Termination "Harsha_Bharathakoti won on time"]

1. d4 c5 2. d5 Nf6 3. Nc3 g6 4. e4 d6 5. Bb5+ Bd7 6. a4 Bg7 7. Nf3 O-O 8. Nd2 e6 9. O-O exd5 10. exd5 Bg4 11. Be2 Bxe2 12. Qxe2 Na6 13. Nc4 Nb4 14. Bg5 h6 15. Bh4 Re8 16. Qd2 g5 17. Bg3 Ne4 18. Nxe4 Rxe4 19. Nxd6 Rd4 20. Qe2 Rxd5 21. Rad1 Qb6 22.
c3 Rxd1 23. Rxd1 Nc6 24. Nf5 Bf8 25. h4 Qb3 26. hxg5 hxg5 27. Qh5 1-0

[Event "*** SCC Grand Prix: Titled Tuesday Blitz"]
[Site "Chess.com"]
[Date "2020.06.23"]
[Round "1"]
[White "Nathan_Filgueiras"]
[Black "Bulldog167"]
[Result "0-1"]
[WhiteElo "2397"]
[BlackElo "2777"]
[TimeControl "180+1"]
[EndTime "10:05:27 PDT"]
[Termination "Bulldog167 won by checkmate"]

1. e4 c5 2. Nf3 g6 3. d4 cxd4 4. Nxd4 Bg7 5. c4 Nc6 6. Be3 Nf6 7. Nc3 d6 8. Be2 O-O 9. O-O Nxd4 10. Bxd4 a5 11.
Qc2 Bd7 12. h3 a4 13. Rad1 Qa5 14. f4 Rfc8 15. e5 Ne8 16. exd6 Bxd4+ 17. Rxd4 Nxd6 18.
Kh2 Be6 19. b3 axb3 20. axb3 b5 21. Nd5 Bxd5 22. Rxd5 Qa2 23. Rc1 bxc4 24. Bxc4 Qxc2 25. Rxc2 Nf5 26. Rd7 e6 27. Rcd2 h5 28. Rb7 h4 29.
Rdd7 Rf8 30. b4 Ra1 31. Rxf7 Rxf7 32. Bxe6 Ng3 33. Bxf7+ Kf8 34. Bxg6 Rh1# 0-1

[Event "*** SCC Grand Prix: Titled Tuesday Blitz"]
[Site "Chess.com"]
[Date "2020.06.23"]
[Round "1"]
[White "Eltaj_Safarli"]
[Black "Bossche-CM"]
[Result "1-0"]
[WhiteElo "2955"]
[BlackElo "2456"]
[TimeControl "180+1"]
[EndTime "10:05:28 PDT"]
[Termination "Eltaj_Safarli won by checkmate"]

1. e4 e5 2. Nf3 Nf6 3. Nc3 Nc6 4. a3 d5 5. Bb5 Nxe4 6. Qe2 Nxc3 7. Qxe5+ Qe7 8. dxc3 Bd7 9. Qxe7+ Bxe7 10. Bf4 O-O-O 11. O-O-O Rhe8 12. Rxd5 a6 13. Bd3 Be6 14. Rxd8+ Bxd8 15. Ng5 Bxg5 16. Bxg5 Bd5 17. f3 Ne5 18. Bf5+ Be6 19. Be4 f5 20. Bd3 Nxd3+ 21. cxd3 Bb3 22. Kd2 Kd7 23.
c4 Ba4 24. Be3 Bc6 25. h4 h5 26. Rh3 Ke6 27. Rg3 Kf7 28. b3 Re7 29. a4 b5 30.
cxb5 axb5 31. a5 Bb7 32. b4 Rd7 33. Kc3 Kf6 34. Bd4+ Ke6 35. Rg6+ Kd5 36. Bxg7 c5 37. bxc5 Kxc5 38. Bf8+ Kd5 39. Kb4 Ke5 40. Bg7+ Kf4 41. d4 Rd5 42. Bh6# 1-0